 Dungeon Crawl Stone Soup version 0.30-a0-618-gd6c86c23d0 (webtiles) character file.

Game seed: 6887158197282176939

2548 brightshaft the Trooper (level 9, -4/68 HPs)
             Began as a Djinni Fire Elementalist on Jan 9, 2023.
             Was a Believer of Makhleb.
             Slain by Joseph
             ... wielding a +0 quarterstaff
              (13 damage)
             ... on level 7 of the Dungeon.
             The game lasted 00:15:18 (7367 turns).

brightshaft the Trooper (Djinni Fire Elementalist)  Turns: 7367, Time: 00:15:18

Health: -4/68      AC:  5    Str: 13    XL:     9   Next: 86%
Gold:   1676       EV: 18    Int: 20    God:    Makhleb [**....] SH:  0 Dex: 15

rFire   + + +      SeeInvis .    k - +4 spear (freeze)
rCold   . . .      Faith    .    (no shield)
rNeg    . . .      Spirit   .    g - +1 leather armour
rPois   ∞          Reflect  .    E - +0 helmet
rElec   .          Harm     .    h - scarf {rC+ rF+}
rCorr   .          Rampage  .    (no gloves)
Will    .....                    (boots unavailable)
Stlth   ++                       (no amulet)
HPRegen 0.31/turn                r - +5 ring of evasion
MPRegen 0.00/turn                n - +6 ring of strength

@: flying
A: sickness immunity, fire resistance 2, cold vulnerability 1, float, innate
caster, HP casting, extra vitality 1
a: Renounce Religion, Minor Destruction


You were on level 7 of the Dungeon.
You worshipped Makhleb.
Makhleb was pleased with you.
You visited 1 branch of the dungeon, and saw 7 of its levels.

You collected 1676 gold pieces.

Inventory:

Hand Weapons
 k - a +4 spear of freezing (weapon)
 y - a +0 broad axe
Missiles
 q - 6 javelins
 s - 6 boomerangs
 B - 2 throwing nets
Armour
 a - a +0 robe
 g - a +1 leather armour (worn)
 h - a scarf of resistance (worn)
 E - a +0 helmet (worn)
Jewellery
 e - a ring of positive energy
 n - a +6 ring of strength (right hand)
 r - a +5 ring of evasion (left hand)
Wands
 t - a wand of paralysis (10)
 w - a wand of roots (9)
 x - a wand of flame (7) {@v2}
 F - a wand of polymorph (8)
Scrolls
 d - 3 scrolls of fog
 f - 2 scrolls of teleportation {@r4}
 i - 10 scrolls of identify {@r1}
 j - 3 scrolls of enchant weapon
 l - a scroll of fear
 v - 2 scrolls of blinking
Potions
 b - a potion of magic
 c - a potion of lignification {unknown}
 m - 2 potions of degeneration
 o - 2 potions of haste {unknown}
 p - 2 potions of brilliance {unknown}
 u - 2 potions of invisibility {unknown}
 z - a potion of might {unknown}
 A - a potion of mutation {unknown}
 D - 2 potions of heal wounds {unknown}


   Skills:
 * Level 7.4 Fighting
 + Level 3.4 Armour
 + Level 4.5 Dodging
 - Level 1.5 Stealth
 * Level 6.2 Spellcasting
 + Level 2.7 Invocations
 + Level 2.7 Evocations


You couldn't memorise any spells.
You knew the following spells:

 Your Spells              Type           Power      Damage    Failure   Level
a - Foxfire               Conj/Fire      100%       2x1d9     1%          1
b - Scorch                Fire           62%        2d8       1%          2
c - Kindle Blastsparks    Fire/Tloc/Air  62%        2d15      2%          3
d - Inner Flame           Hex/Fire       31%        N/A       2%          3
e - Flame Wave            Conj/Fire      31%        2d9       10%         4
f - Shock                 Conj/Air       100%       1d9       1%          1
g - Passwall              Tmut/Erth      25%        N/A       1%          2
h - Vampiric Draining     Necr           31%        2d8       2%          3
i - Vhi's Electric Charg  Tloc/Air       62%        N/A       2%          3
Your spell library was empty.

Dungeon Overview and Level Annotations

Branches:
Dungeon (7/15)             Temple (0/1) D:7

Altars:
Dithmenos
Gozag
Makhleb
Trog
Uskayaw
Zin

Shops:
D:7 =

Annotations:
D:7 Joseph


Innate Abilities, Weirdness & Mutations

You are immune to sickness and miasma.
You are immune to poison.
Your flesh is very heat resistant. (rF++)
You are vulnerable to cold. (rC-)
You float through the air rather than walking.
You learn spells naturally, not from books.
Your magical power is your life essence.
You have superior vitality. (+4 MHP)


Message History

The helpless iguana fails to defend itself.
You hit the iguana.
Flame seeps out of the iguana.
The iguana seems to slow down.
You freeze the iguana.
Flame seeps out of the iguana.
The iguana is moderately wounded.
The iguana is engulfed in blazing flames.
Makhleb accepts your kill.
You can now harness Makhleb's destructive might.
The iguana explodes!
No target in view!
No target in view!
You hear the quick creaking of a very distant portcullis.
Joseph, a Mercenary comes into view.
He is wielding a +0 quarterstaff.
Joseph shouts!
Joseph unwields a +0 quarterstaff.
Joseph wields a +1 sling of flaming.
It bursts into flame!
Joseph shoots a sling bullet.
The sling bullet hits you!
Joseph shoots a sling bullet.
The sling bullet hits you! The sling bullet burns you.
You are too injured to fight recklessly!
Joseph shoots a sling bullet.
The sling bullet completely misses you.
Joseph shoots a sling bullet.
The sling bullet hits you!
Joseph unwields a +1 sling of flaming.
It stops flaming.
Joseph wields a +0 quarterstaff.
Joseph hits you with a +0 quarterstaff!!
* * * LOW HITPOINT WARNING * * *
Aiming: Vampiric Draining (dangerous; 2% risk of failure)
Press: ? - help, Q - select action, (/) - cycle Shift-Dir - straight line, f - Joseph
Aim: Joseph, wielding a +0 quarterstaff and wearing a +0 leather armour You draw life force from Joseph!
You feel life coursing into your body.
* * * LOW HITPOINT WARNING * * *
Joseph hits you with a +0 quarterstaff.
* * * LOW HITPOINT WARNING * * *
Okay, then.
Aiming: Vampiric Draining (dangerous; 2% risk of failure)
Press: ? - help, Q - select action, (/) - cycle Shift-Dir - straight line, f/p - Joseph
Aim: Joseph, wielding a +0 quarterstaff and wearing a +0 leather armour (lightly wounded)
You draw life force from Joseph!
You feel life coursing into your body.
* * * LOW HITPOINT WARNING * * *
Joseph hits you with a +0 quarterstaff!
You die...

#..# #. #..# #. #..# .#
#..# #####.# #.
#######..# #.....##....
#....##..# #.##........
#.##.##..####.##.######.
..............##.######.
#.#####.########@.......
..# #..## #.@...... ###
##.#.## #...####.
##.###.## #...# ##.##
##.## #.... #.## ##.#
##..## ##.## ##.## ...
##.###.## .#.# ##.#.##
.#.#


You could see Joseph.

Vanquished Creatures
  A komodo dragon (D:7)
  Sigmund (D:6)
  A steam dragon (D:7)
  Edmund (D:5)
  A water moccasin (D:4)
  An orc warrior (D:7)
  3 sky beasts
  An ice beast (D:6)
  An ogre (D:5)
  Blork the orc (D:5)
  A bullfrog (D:5)
  2 scorpions
  6 killer bees (D:6)
  A gnoll bouda (D:6)
  2 orc priests
  2 hounds
  A jelly (D:6)
  4 iguanas
  5 orc wizards
  13 gnolls
  9 adders
  A worm (D:2)
  2 dart slugs
  17 orcs
  9 endoplasms
  2 giant cockroaches (D:2)
  6 goblins
  14 hobgoblins
  6 jackals
  6 kobolds
  4 quokkas
  6 ball pythons
  9 bats
  2 frilled lizards (D:3)
  6 rats
148 creatures vanquished.

Vanquished Creatures (others)
  9 foxfires (D:1)
9 creatures vanquished.

Grand Total: 157 creatures vanquished

Notes
Turn   | Place    | Note
-------+----------+-------------------------------------------
     0 | D:1      | brightshaft the Djinni Fire Elementalist began the quest
                  | for the Orb.
     0 | D:1      | brightshaft set off with the following spells memorised:
                  | Foxfire, Scorch, Kindle Blastsparks, Inner Flame, Flame
                  | Wave.
     0 | D:1      | Reached XP level 1. HP: 15/15 MP: 0/0
    89 | D:1      | Reached XP level 2. HP: 22/22 MP: 0/0
   149 | D:1      | Reached skill level 1 in Fighting
   733 | D:1      | Reached XP level 3. HP: 25/27 MP: 0/0
   733 | D:1      | Learned a level 1 spell: Shock
  1546 | D:2      | Reached skill level 2 in Fighting
  1622 | D:2      | Reached XP level 4. HP: 24/33 MP: 0/0
  2019 | D:3      | Found a faded altar of an unknown god.
  2176 | D:2      | Reached XP level 5. HP: 36/40 MP: 0/0
  2176 | D:2      | Learned a level 2 spell: Passwall
  2186 | D:2      | Reached skill level 3 in Fighting
  3233 | D:3      | Reached XP level 6. HP: 31/46 MP: 0/0
  4053 | D:4      | Noticed a sky beast
  4061 | D:4      | Killed a sky beast
  4062 | D:4      | Reached skill level 4 in Fighting
  4250 | D:4      | Found a shadowy altar of Dithmenos.
  4280 | D:4      | Reached XP level 7. HP: 4/53 MP: 0/0
  4280 | D:4      | Learned a level 3 spell: Vampiric Draining
  4604 | D:4      | Found a burning altar of Makhleb.
  4654 | D:4      | Noticed a water moccasin
  4659 | D:4      | Killed a water moccasin
  4660 | D:4      | Reached skill level 5 in Fighting
  4692 | D:4      | Became a worshipper of Makhleb the Destroyer
  4928 | D:4      | Found a hide-covered altar of Uskayaw.
  5347 | D:5      | Entered Level 5 of the Dungeon
  5347 | D:5      | Noticed Edmund
  5355 | D:5      | Killed Edmund
  5541 | D:5      | Found an opulent altar of Gozag.
  5553 | D:5      | Reached skill level 1 in Armour
  5553 | D:5      | Reached skill level 5 in Spellcasting
  5553 | D:5      | Reached XP level 8. HP: 60/60 MP: 0/0
  5749 | D:5      | Noticed Blork the orc
  5754 | D:5      | Killed Blork the orc
  5986 | D:6      | Identified a scroll of acquirement
  5986 | D:6      | Acquired 1195 gold pieces
  6011 | D:6      | Noticed Sigmund
  6016 | D:6      | Reached skill level 6 in Fighting
  6023 | D:6      | Reached skill level 1 in Invocations
  6023 | D:6      | Reached skill level 1 in Evocations
  6030 | D:6      | Killed Sigmund
  6227 | D:6      | Reached XP level 9. HP: 63/67 MP: 0/0
  6227 | D:6      | Learned a level 3 spell: Vhi's Electric Charge
  6288 | D:6      | Reached * piety under Makhleb
  6610 | D:6      | Found a bloodstained altar of Trog.
  6699 | D:6      | Found a glowing silver altar of Zin.
  6911 | D:7      | Noticed a komodo dragon
  6919 | D:7      | Killed a komodo dragon
  6920 | D:7      | Reached skill level 7 in Fighting
  7090 | D:7      | Found a staircase to the Ecumenical Temple.
  7208 | D:7      | Found Jasih's Jewellery Emporium.
  7310 | D:7      | Reached ** piety under Makhleb
  7361 | D:7      | Noticed Joseph
  7367 | D:7      | Slain by Joseph

Illustrated notes

Levels and vault maps discovered:
D:1:      roderic_chinese_lattice_arrival, layout_basic,
          chequers_serial_rivers_room_a
D:2:      layout_basic
D:3:      minmay_door_path, layout_basic, nicolae_ecumenical_snake_handling,
          grunt_ministairs_7
D:4:      layout_loops_corners, makhleb_heckhound_becter, kennysheep_little_box,
          grunt_dithmenos_smoke
D:5:      layout_rooms, mainiacjoe_overflow_cross_hatched, serial_park_tiny_2,
          minivault_4, palyth_stone_intersect, uniq_edmund, uniq_blork_the_orc
D:6:      layout_cave_pools, mainiacjoe_overflow_alcove_4, trog_hazing_becter,
          uniq_sigmund
D:7:      layout_loops_ring, amcnicky_altar_gilded,
          minmay_temple_entry_junction, enter_bailey_4, minmay_misc_feat_rugged,
          nicolae_take_the_stairs, uniq_joseph

Skill      XL: |  1  2  3  4  5  6  7  8  9 |
---------------+----------------------------+-----
Fighting       | 1 2 3 4 5 6 7 |  7.4
Spellcasting   | 3 4 5 6 |  6.2
Armour         | 1 2 3 |  3.4
Dodging        | 3 4 |  4.5
Invocations    | 1 2 |  2.7
Evocations     | 1 2 |  2.7
Stealth        | |  1.5

Action                   |  1- 3 |  4- 6 |  7- 9 || total
-------------------------+-------+-------+-------++-------
Melee: Spear             |       |    58 |    89 ||   147
       Punch             |       |       |     1 ||     1
 Cast: Foxfire           |     6 |       |       ||     6
       Scorch            |    37 |    61 |       ||    98
       Vampiric Draining |       |       |    95 ||    95
  Use: Scroll            |     2 |     6 |     4 ||    12
 Stab: Sleeping          |       |     3 |     6 ||     9
Armor: Robe              |     4 |     8 |       ||    12
       Leather armour    |       |       |    15 ||    15
Dodge: Dodged            |    13 |    42 |   139 ||   194

Table legend: (Time is in decaauts)
 A = Elapsed time spent in this place.
 B = Non-inter-level travel time spent in this place.
 C = Inter-level travel time spent in this place.
 D = Time resting spent in this place.
 E = Time spent auto-exploring this place.
 F = Levels seen in this place.
 G = Mean time per level.
                   A        B        C        D        E       F      G
               +--------+--------+--------+--------+--------+-----+--------+
         Total |   7380 |   7046 |    334 |      0 |   5937 |   7 | 1054.3 |
       Dungeon |   7380 |   7046 |    334 |      0 |   5937 |   7 | 1054.3 |
               +--------+--------+--------+--------+--------+-----+--------+

Top non-repeatable levels by time:
     D:3: 1694 daAuts
     D:4: 1295 daAuts
     D:1: 1278 daAuts
     D:2: 1085 daAuts
     D:6: 894 daAuts
     D:5: 629 daAuts
     D:7: 502 daAuts
